 Dungeon Crawl Stone Soup version 0.21.1-1-g345015f (webtiles) character file.

119 tidbits the Chiller (level 5, -1/37 HPs)
             Began as a Gnoll Ice Elementalist on Apr 6, 2018.
             Killed from afar by an orc wizard (13 damage)
             ... with a puff of flame
             ... on level 7 of the Dungeon.
             The game lasted 00:06:15 (682 turns).

tidbits the Chiller (Gnoll Ice Elementalist)         Turns: 682, Time: 00:06:16

Health: -1/37      AC:  2    Str: 11    XL:     5   Next: 3%
Magic:  10/12      EV: 15    Int: 18    God:
Gold:   148        SH:  0    Dex: 19    Spells: 8/14 levels left

rFire    . . .     SeeInvis .   g - +0 war axe (freeze)
rCold    . . .     Gourm    .   (no shield)
rNeg     . . .     Faith    .   k - +0 robe
rPois    .         Spirit   .   (no helmet)
rElec    .         Reflect  .   e - scarf {cloud immunity}
rCorr    .         Harm     .   (no gloves)
MR       .....                  (no boots)
Stlth    +++.......             (no amulet)
HPRegen  0.12/turn              X - +4 ring of dexterity
MPRegen  0.13/turn              (no ring)

@: no status effects
A: distributed training, fangs 1, strong nose
a: no special abilities


You were on level 7 of the Dungeon.
You were not hungry.

You visited 1 branch of the dungeon, and saw 7 of its levels.

You collected 148 gold pieces.

Inventory:

Hand Weapons
 a - a +0 dagger
 g - a +0 war axe of freezing (weapon)
   (You took it off an orc on level 6 of the Dungeon)
 n - a +0 mace
 q - a +2 hunting sling of freezing
   (You found it on level 4 of the Dungeon)
Missiles
 f - 23 arrows
 i - 36 stones (quivered)
Armour
 e - a scarf of cloud immunity (worn)
   (You found it on level 1 of the Dungeon)
 j - a +0 ring mail
 k - a +0 robe (worn)
Jewellery
 X - a +4 ring of dexterity (left hand)
   (You found it on level 3 of the Dungeon)
Wands
 p - a wand of acid (5)
 s - a wand of iceblast (9)
Scrolls
 d - 4 scrolls of teleportation
 l - a scroll of remove curse {unknown}
 o - a scroll of enchant weapon
 t - a scroll of brand weapon
Potions
 h - a potion of lignification {unknown}
 m - a potion of heal wounds {unknown}
 r - 2 potions of curing {unknown}
Books
 b - a book of Frost

   Spells                             Type                      Level
   a - Freeze                         Ice                          1
   b - Throw Frost                    Conjuration/Ice              2
   c - Ozocubu's Armour               Charms/Ice                   3
   d - Throw Icicle                   Conjuration/Ice              4
   e - Summon Ice Beast               Ice/Summoning                4
Comestibles
 c - 5 rations


   Skills:
 + Level 1.3 Fighting
 + Level 1.3 Short Blades
 + Level 1.3 Long Blades
 + Level 1.3 Axes
 + Level 1.3 Maces & Flails
 + Level 1.3 Polearms
 + Level 1.3 Staves
 + Level 1.3 Slings
 + Level 1.3 Bows
 + Level 1.3 Crossbows
 + Level 1.3 Throwing
 + Level 1.3 Armour
 + Level 4.7 Dodging
 + Level 4.3 Stealth
 + Level 1.3 Shields
 + Level 1.3 Unarmed Combat
 + Level 5.1 Spellcasting
 + Level 2.3 Conjurations
 + Level 1.0 Hexes
 + Level 1.0 Charms
 + Level 1.0 Summonings
 + Level 1.0 Necromancy
 + Level 1.0 Translocations
 + Level 1.0 Transmutations
 + Level 1.0 Fire Magic
 + Level 5.5 Ice Magic
 + Level 1.0 Air Magic
 + Level 1.0 Earth Magic
 + Level 1.0 Poison Magic
 + Level 1.4 Invocations
 + Level 1.3 Evocations


You had 8 spell levels left.
You knew the following spells:

 Your Spells              Type           Power        Failure   Level  Hunger
a - Freeze                Ice            ###.         1%          1    None
j - Throw Frost           Conj/Ice       ###...       4%          2    #......
o - Ozocubu's Armour      Chrm/Ice       ###.....     10%         3    ##.....


Dungeon Overview and Level Annotations

Branches:
Dungeon (7/15)
 Temple: D:4-7

Altars:
Fedhas

Annotations:
D:4 VDreamerV's ghost, amateur OpTm
D:6 Duvessa


Innate Abilities, Weirdness & Mutations

Your experience applies equally to all skills.
You have very sharp teeth.
Your uncanny sense of smell can sniff out nearby items.


Message History

Press: ? - help, Shift-Dir - straight line, f - orc
Aim: an orc, wielding a club and wearing a scale mail (heavily wounded)
You freeze the orc.
You kill the orc!
Items here: $ )) [ †† You now have 116 gold pieces (gained 5).
Things that are here:
a club; an orc corpse
Found a scale mail.
You see here 18 gold pieces.
You now have 134 gold pieces (gained 18).
Unknown command.
Found a stone staircase leading down.
Unknown command.
You see here 14 gold pieces.
You now have 148 gold pieces (gained 14).
Found a stone staircase leading down.
There is a stone staircase leading down here.
You climb downwards.
Found an encrusted iron wand.
There is a stone staircase leading up here.
Unknown command.
You open the door.
A water moccasin skeleton comes into view.
Your magical contamination has completely faded away.
A hound comes into view.
Found 15 gold pieces.
There is an open door here.
You close the door.
You see here a wand of iceblast (9).
s - a wand of iceblast (9)
You open the door.
A quokka comes into view.
There is an open door here.
You close the door.
There is a stone staircase leading up here.
You climb upwards.
There is a stone staircase leading down here.
Unknown command.
There is a stone staircase leading up here.
You climb upwards.
There is a stone staircase leading down here.
Unknown command.
You climb downwards.
There is a stone staircase leading up here.
Unknown command.
Okay, then.
Found an escape hatch in the floor.
A bullfrog skeleton comes into view.
Found a scroll of identify.
Duvessa, Sister of Dowan comes into view.
She is wielding a short sword.
There is an escape hatch in the floor here.
There is a stone staircase leading down here.
Unknown command.
Unknown command.
Unknown command.
Unknown command.
Unknown command.
Unknown command.
You climb downwards.
There is a stone staircase leading up here.
Unknown command.
You open the door.
Found 16 stones and a runed dagger.
Found an escape hatch in the floor.
Unknown command.
Found a scroll of magic mapping.
There is an open door here.
Unknown command.
Found a ration.
An orc wizard comes into view. It is wielding a dagger.
The orc wizard shouts!
You hear a shout!
An orc and an orc wizard come into view.
The orc wizard is wielding a dagger of venom.
You see here a scroll of magic mapping.
As you read the scroll of magic mapping, it crumbles to dust.
You feel aware of your surroundings.
You sensed 1 shop/portal.
The orc wizard moves out of view.
The orc moves out of view.
An orc comes into view.
An orc comes into view. It is wielding a falchion.
Casting: Freeze
Confirm with . or Enter, or press ? or * to list all spells.
Aiming: Freeze
Press: ? - help, Shift-Dir - straight line, f - orc wizard
Aim: an orc wizard, wielding a dagger and wearing a robe You freeze the orc wizard.
The orc wizard is lightly wounded.
The orc shouts! x2
The orc wizard gestures wildly while chanting.
The orc wizard flickers and vanishes!
Unknown command.
Casting: Freeze
Confirm with . or Enter, or press ? or * to list all spells.
Aiming: Freeze
Press: ? - help, Shift-Dir - straight line, f - you You freeze something.
Something hits you.
* * * LOW HITPOINT WARNING * * *
The orc wizard casts a spell at you. The puff of flame hits you!
You die...

*,,,,,,*,,,,,,,,,,,,*
*,,,,,,*,,,.........#
*,,,,,,*,,,,........#
*,,,,,,',,,,,o..o...#
,,,,,,,*,,,,*#oo....#
,***,,**,,,,##%.....#
**,,,,,,,,,,#.......#
*,,,,*,,,,,,#...{...#
*,,,,*,,,,,,#...@..)#
*,,,**,,,∆,,##...>..#
,****,,,,,,,*#....(.#
,*,,,,*,,,,,*#......#
,*,,,,*,,,,>,#......#
**,,,,*,,,,,,#......#
*,,,,,*,,,,,#####'####
,,,,,,*######........#
****,,,..............#


You could see an orc wizard and 3 orcs.

Vanquished Creatures
  A scorpion (D:4)
  An orc priest (D:6)
  An adder (D:3)
  A worm (D:3)
  A dart slug (D:2)
  A leopard gecko (D:3)
  5 orcs
  A giant cockroach (D:6)
  A goblin (D:2)
  A hobgoblin (D:2)
  A kobold (D:1)
  A quokka (D:6)
  2 bats
  2 frilled lizards
  3 rats
  A fungus (D:3)
24 creatures vanquished.

Notes
Turn   | Place    | Note
-------+----------+-------------------------------------------
     0 | D:1      | tidbits the Gnoll Ice Elementalist began the quest for the Orb.
     0 | D:1      | Reached XP level 1. HP: 13/13 MP: 6/6
   192 | D:2      | Reached skill level 2 in Conjurations
   259 | D:2      | Reached XP level 2. HP: 12/19 MP: 5/7
   337 | D:3      | Found a blossoming altar of Fedhas.
   437 | D:3      | Reached XP level 3. HP: 25/25 MP: 5/9
   463 | D:3      | Reached skill level 5 in Spellcasting
   467 | D:3      | Learned a level 2 spell: Throw Frost
   471 | D:3      | Learned a level 3 spell: Ozocubu's Armour
   478 | D:4      | Noticed an ogre
   481 | D:4      | Noticed a scorpion
   485 | D:4      | Killed a scorpion
   485 | D:4      | Reached skill level 1 in Fighting
   485 | D:4      | Reached skill level 1 in Short Blades
   485 | D:4      | Reached skill level 1 in Long Blades
   485 | D:4      | Reached skill level 1 in Axes
   485 | D:4      | Reached skill level 1 in Maces & Flails
   485 | D:4      | Reached skill level 1 in Polearms
   485 | D:4      | Reached skill level 1 in Staves
   485 | D:4      | Reached skill level 1 in Slings
   485 | D:4      | Reached skill level 1 in Bows
   485 | D:4      | Reached skill level 1 in Crossbows
   485 | D:4      | Reached skill level 1 in Throwing
   485 | D:4      | Reached skill level 1 in Armour
   485 | D:4      | Reached skill level 1 in Shields
   485 | D:4      | Reached skill level 1 in Unarmed Combat
   485 | D:4      | Reached skill level 1 in Invocations
   485 | D:4      | Reached skill level 1 in Evocations
   485 | D:4      | Reached XP level 4. HP: 32/32 MP: 6/11
   498 | D:4      | Noticed VDreamerV's ghost (amateur OpTm)
   502 | D:5      | Entered Level 5 of the Dungeon
   535 | D:6      | Noticed a phantom
   579 | D:6      | Reached skill level 1 in Hexes
   579 | D:6      | Reached skill level 1 in Charms
   579 | D:6      | Reached skill level 1 in Summonings
   579 | D:6      | Reached skill level 1 in Necromancy
   579 | D:6      | Reached skill level 1 in Translocations
   579 | D:6      | Reached skill level 1 in Transmutations
   579 | D:6      | Reached skill level 1 in Fire Magic
   579 | D:6      | Reached skill level 1 in Air Magic
   579 | D:6      | Reached skill level 1 in Earth Magic
   579 | D:6      | Reached skill level 1 in Poison Magic
   579 | D:6      | Reached XP level 5. HP: 12/37 MP: 0/12
   653 | D:6      | Noticed Duvessa
   682 | D:7      | Killed from afar by an orc wizard

Skill      XL: |  1  2  3  4 |
---------------+-------------+-----
Conjurations   | 2 |  2.3
Spellcasting   | 5 |  5.1
Fighting       | 1 |  1.3
Short Blades   | 1 |  1.3
Long Blades    | 1 |  1.3
Axes           | 1 |  1.3
Maces & Flails | 1 |  1.3
Polearms       | 1 |  1.3
Staves         | 1 |  1.3
Slings         | 1 |  1.3
Bows           | 1 |  1.3
Crossbows      | 1 |  1.3
Throwing       | 1 |  1.3
Armour         | 1 |  1.3
Shields        | 1 |  1.3
Unarmed Combat | 1 |  1.3
Invocations    | 1 |  1.4
Evocations     | 1 |  1.3
Hexes          | 1 |  1.0
Charms         | 1 |  1.0
Summonings     | 1 |  1.0
Necromancy     | 1 |  1.0
Translocations | 1 |  1.0
Transmutations | 1 |  1.0
Fire Magic     | 1 |  1.0
Air Magic      | 1 |  1.0
Earth Magic    | 1 |  1.0
Poison Magic   | 1 |  1.0
Dodging        | |  4.7
Stealth        | |  4.3
Ice Magic      | |  5.5

Action                   |  1- 3 |  4- 6 || total
-------------------------+-------+-------++-------
Melee: Unarmed           |    38 |       ||    38
       Bite              |     7 |       ||     7
       Dagger            |     2 |     1 ||     3
       War axe           |       |     2 ||     2
Throw: Stone             |       |     1 ||     1
 Cast: Freeze            |    21 |    13 ||    34
  Use: Scroll            |     1 |     5 ||     6
 Stab: Sleeping          |     3 |     1 ||     4
Armor: Robe              |     2 |       ||     2
Dodge: Dodged            |    13 |     9 ||    22

Table legend:
 A = Turns spent in this place as a percentage of turns spent in the entire game.
 B = Non-inter-level travel turns spent in this place as a percentage of non-inter-level travel turns spent in the entire game.
 C = Inter-level travel turns spent in this place as a percentage of turns spent in this place.
 D = Turns resting spent in this place as a percentage of non-inter-level travel turns spent in this place.
 E = Turns spent auto-exploring this place as a percentage of non-inter-level travel turns spent in this place.
 F = Non-inter-level travel turns spent in this place divided by the number of levels of this place that you've seen.
                   A       B       C       D       E      F
               +-------+-------+-------+-------+-------+----------------------
         Total | 100.0 | 100.0 |   0.0 |   0.0 |   0.0 |  97.4
       Dungeon | 100.0 | 100.0 |   0.0 |   0.0 |   0.0 |  97.4
               +-------+-------+-------+-------+-------+----------------------

Table legend:
 A = Kills in this place as a percentage of kills in entire the game.
 B = Kills by you in this place as a percentage of kills by you in the entire game.
 C = Kills by friends in this place as a percentage of kills by friends in the entire game.
 D = Other kills in this place as a percentage of other kills in the entire game.
 E = Experience gained in this place as a percentage of experience gained in the entire game.
 F = Experience gained in this place divided by the number of levels of this place that you have seen.
                   A       B       C       D       E      F
               +-------+-------+-------+-------+-------+----------------------
         Total | 100.0 | 100.0 |   N/A |   N/A | 100.0 |  24.4
       Dungeon | 100.0 | 100.0 |   N/A |   N/A | 100.0 |  24.4
               +-------+-------+-------+-------+-------+----------------------

Vault maps used:
D:1:      lightli_arrival_isolated_outpost, corexii_item_surrounded_by_moat
D:3:      fedhas_altar_3
D:5:      makhleb_heckhound_becter, minmay_temple_entry_grid, first_ration,
          kennysheep_boxes, uniq_ijyb
D:6:      serial_shops, nicolae_shop_crystal, uniq_duvessa
D:7:      serial_shops, shop_fountains, minmay_bent
